 Dungeon Crawl Stone Soup version 0.28-a0-804-g60983d4ba9 (webtiles) character file.

Game seed: 3378727348097134039

3938 iamoutofideas the Grappler (level 10, -15/94 HPs)
             Began as a Troll Hunter on Nov 8, 2021.
             Was a Believer of Okawaru.
             Demolished by a two-headed ogre (31 damage)
             ... on level 7 of the Dungeon.
             The game lasted 00:07:20 (5595 turns).

iamoutofideas the Grappler (Troll Hunter)           Turns: 5595, Time: 00:07:20

Health: -15/94     AC:  4    Str: 25    XL:     10   Next: 1%
Magic:  9/9        EV: 10    Int:  7    God:    Okawaru [**....]
Gold:   207        SH:  0    Dex: 10    Spells: 9/9 levels left

rFire   + . .      SeeInvis .     - Unarmed
rCold   . . .      Faith    .   (no shield)
rNeg    . . .      Spirit   .   b - +0 robe
rPois   .          Reflect  .   (helmet restricted)
rElec   .          Harm     .   (no cloak)
rCorr   .          Rampage  .   (gloves unavailable)
Will    .....                   (boots unavailable)
Stlth   +.........              (no amulet)
HPRegen 1.25/turn               B - ring of protection from fire
MPRegen 0.11/turn               (no ring)

@: no status effects
A: large, unfitting armour, claws 3, regeneration 1, shaggy fur 1, tough skin 1
a: Renounce Religion, Heroism


You were on level 7 of the Dungeon.
You worshipped Okawaru.
Okawaru was pleased with you.
You visited 2 branches of the dungeon, and saw 9 of its levels.

You collected 382 gold pieces.
You spent 175 gold pieces at shops.

Inventory:

Missiles
 a - 235 stones
 c - 4 large rocks (quivered)
 d - 2 throwing nets
Armour
 b - a +0 robe (worn)
Jewellery
 B - a ring of protection from fire (left claw)
Wands
 x - a wand of iceblast (9)
 y - a wand of mindburst (30)
 A - a wand of flame (15)
Scrolls
 e - 9 scrolls of identify
 i - a scroll of blinking {unknown}
 j - a scroll of amnesia {unknown}
 k - 2 scrolls of enchant armour
 m - 4 scrolls of noise {unknown}
 o - 2 scrolls of enchant weapon {unknown}
 p - 2 scrolls of silence {unknown}
 q - a scroll of immolation {unknown}
 r - 2 scrolls of teleportation {unknown}
 s - a scroll of torment {unknown}
Potions
 f - a potion of lignification {unknown}
 g - 3 potions of magic {unknown}
 h - 2 potions of flight {unknown}
 l - a potion of invisibility {unknown}
 n - a potion of might {unknown}
 t - a potion of berserk rage {unknown}
 u - 2 potions of curing {unknown}
 v - 2 potions of heal wounds {unknown}
 w - 2 potions of brilliance
 z - a potion of mutation {unknown}
 C - a potion of ambrosia {unknown}


   Skills:
 + Level 4.4 Fighting
 + Level 4.2 Throwing
 + Level 4.5 Dodging
 - Level 1.1 Stealth
 + Level 12.0 Unarmed Combat


You had 9 spell levels left.
You didn't know any spells.
Your spell library contained the following spells:

 Spells                   Type           Power      Damage    Failure   Level
 Ensorcelled Hibernation  Hex/Ice        0%         N/A       56%         2
 Tukima's Dance           Hex            Unusable   N/A       N/A         3

Dungeon Overview and Level Annotations

Branches:
Dungeon (8/15)             Temple (1/1) D:6
   Lair: D:8-11

Altars:
Ashenzari
Cheibriados
Dithmenos
Elyvilon
Fedhas
Gozag
Hepliaklqana
Kikubaaqudgha
Makhleb
Nemelex Xobeh
Okawaru
Ru
Sif Muna
Trog
Uskayaw
Vehumet
Wu Jian
Xom
Yredelemnul
Zin
The Shining One

Shops:
D:4 ?

Annotations:
D:5 3 runed translucent doors, Encipher's ghost, novice VSEn


Innate Abilities, Weirdness & Mutations

You are too large for most types of armour.
You have claws for hands.
Your natural rate of healing is unusually fast.
You are covered in fur. (AC +1)
You have tough skin. (AC +1)


Message History

* * * LOW HITPOINT WARNING * * *
The orc hits you with a +0 mace.
* * * LOW HITPOINT WARNING * * *
You see here a +0 hand axe.
Things that are here:
a +0 hand axe; a +0 club; a +0 leather armour You see here a potion of brilliance.
There is a stone staircase leading up, spattered with blood here.
The two-headed ogre closely misses you.
The two-headed ogre hits you with a +0 giant club.
You climb upwards.
There is a stone staircase leading down here.
Unknown command.
The two-headed ogre hits you with a +0 giant spiked club!!
The two-headed ogre hits you with a +0 giant club!!
You barely miss the two-headed ogre.
The two-headed ogre hits you with a +0 giant spiked club!
The two-headed ogre hits you with a +0 giant club!
You closely miss the two-headed ogre. You claw the two-headed ogre!
The two-headed ogre is lightly wounded.
You claw the two-headed ogre!
The two-headed ogre is moderately wounded.
The two-headed ogre hits you with a +0 giant spiked club!!
* * * LOW HITPOINT WARNING * * *
The two-headed ogre hits you with a +0 giant club!!
* * * LOW HITPOINT WARNING * * *
You claw the two-headed ogre!
The two-headed ogre is heavily wounded.
The two-headed ogre closely misses you. x2
Okay, then.
Okay, then.
Okay, then.
Throw: 5 large rocks
Press: ? - help, Q - select action, (/) - cycle Shift-Dir - straight line, f - two-headed ogre
Aim: a two-headed ogre, wielding a +0 giant spiked club and a +0 giant club (heavily wounded, 75% to hit)
You throw a large rock.
The large rock hits the two-headed ogre!!
The two-headed ogre is almost dead.
The two-headed ogre hits you with a +0 giant spiked club!!
You die...

......#.###..........#######.#.#.
......#.# #..........# ##...#.
......#.# #..........######....#.
......#.###..........#...........
......'...'......................
......#.###[.....................
......#.# #..........#...........
......#.###..........######.####.
..............(O@................
.##..######..........####.#.#####
.##..### #..........## #........
.......# #...........# #....#.##
.......# #.........#.###....#.#
.......#####.#########.####..#.##
..........##.# ##.#.#......
.......##.##.# ##.##..#...
...(...##.##.# ###.......


You could see a two-headed ogre.

Vanquished Creatures
  Erica (D:7)
  A boulder beetle (D:8)
  A two-headed ogre (D:5)
  A wyvern (D:7)
  Eustachio (D:3)
  Menkaure (D:5)
  A water moccasin (D:7)
  An orc warrior (D:4)
  A black bear (D:7)
  3 sky beasts
  A necrophage (D:7)
  An ogre (D:7)
  A centaur (D:7)
  A wyvern skeleton (D:5)
  A centaur zombie (D:7)
  2 jellies
  4 orc priests
  2 hounds
  A bullfrog skeleton (D:4)
  Terence (D:3)
  3 iguanas (D:5)
  6 orc wizards
  A killer bee zombie (D:7)
  A howler monkey zombie (D:6)
  8 gnolls
  10 adders
  2 white imps
  An ufetubus (D:7)
  2 worms
  2 dart slugs
  23 orcs
  4 endoplasms
  7 giant cockroaches
  5 goblins
  7 hobgoblins
  11 jackals
  3 quokkas
  4 ball pythons
  5 bats (D:1)
  A frilled lizard (D:1)
  7 kobolds
  4 rats
144 creatures vanquished.

Notes
Turn   | Place    | Note
-------+----------+-------------------------------------------
     0 | D:1      | iamoutofideas the Troll Hunter began the quest for the Orb.
     0 | D:1      | Reached XP level 1. HP: 19/19 MP: 0/0
   206 | D:1      | Reached XP level 2. HP: 28/28 MP: 1/1
   482 | D:1      | Found a faded altar of an unknown god.
   688 | D:2      | Reached skill level 1 in Unarmed Combat
   756 | D:2      | Reached XP level 3. HP: 35/35 MP: 2/2
  1077 | D:2      | Reached skill level 2 in Unarmed Combat
  1199 | D:2      | Found an ornate altar of the Wu Jian Council.
  1425 | D:3      | Reached XP level 4. HP: 42/42 MP: 3/3
  1632 | D:3      | Reached skill level 3 in Unarmed Combat
  1857 | D:3      | Reached XP level 5. HP: 46/49 MP: 4/4
  1900 | D:3      | Noticed Terence
  1906 | D:3      | Killed Terence
  1907 | D:3      | Reached skill level 4 in Unarmed Combat
  2148 | D:3      | Reached skill level 1 in Stealth
  2154 | D:3      | Reached XP level 6. HP: 35/57 MP: 5/5
  2416 | D:4      | Noticed a sky beast
  2446 | D:4      | Killed a sky beast
  2447 | D:4      | Reached skill level 5 in Unarmed Combat
  2448 | D:4      | Noticed Eustachio
  2479 | D:3      | Killed Eustachio
  2480 | D:3      | Reached skill level 6 in Unarmed Combat
  2480 | D:3      | Reached XP level 7. HP: 45/66 MP: 6/6
  2561 | D:4      | Found Bubb's Magic Scroll Shop.
  2570 | D:4      | Bought a scroll of enchant armour for 97 gold pieces
  2570 | D:4      | Bought a scroll of identify for 26 gold pieces
  2570 | D:4      | Bought a scroll of identify for 26 gold pieces
  2570 | D:4      | Bought a scroll of identify for 26 gold pieces
  2856 | D:5      | Entered Level 5 of the Dungeon
  2959 | D:5      | Reached skill level 7 in Unarmed Combat
  3099 | D:5      | Found a runed translucent gate.
  3102 | D:5      | Found a runed translucent gate.
  3126 | D:5      | Noticed a two-headed ogre
  3216 | D:5      | HP: 3/66 [two-headed ogre (13)]
  3276 | D:5      | Killed a two-headed ogre
  3277 | D:5      | Reached skill level 9 in Unarmed Combat
  3277 | D:5      | Reached XP level 8. HP: 44/75 MP: 7/7
  3420 | D:5      | Found a runed translucent gate.
  3420 | D:5      | Noticed Encipher's ghost (novice VSEn)
  3499 | D:5      | Noticed Menkaure
  3504 | D:5      | Killed Menkaure
  3724 | D:6      | Found a staircase to the Ecumenical Temple.
  3844 | Temple   | Entered the Ecumenical Temple
  4108 | Temple   | Became a worshipper of Warmaster Okawaru
  4589 | D:7      | Reached XP level 9. HP: 50/84 MP: 8/8
  4664 | D:7      | Reached skill level 10 in Unarmed Combat
  4993 | D:7      | Reached * piety under Okawaru
  5296 | D:8      | Noticed Erica
  5314 | D:7      | Killed Erica
  5315 | D:7      | Reached skill level 11 in Unarmed Combat
  5399 | D:8      | Noticed a boulder beetle
  5418 | D:8      | Killed a boulder beetle
  5418 | D:8      | Reached ** piety under Okawaru
  5475 | D:8      | Reached XP level 10. HP: 94/94 MP: 9/9
  5479 | D:8      | Reached skill level 12 in Unarmed Combat
  5479 | D:8      | Noticed a two-headed ogre
  5595 | D:7      | Demolished by a two-headed ogre

Illustrated notes

Levels and vault maps discovered:
D:1:      minmay_arrival_shattered_statue, layout_rooms,
          shapermc_ecumenical_altar_mp_vishouse
D:2:      layout_basic, basic_altar, minmay_misc_feat_secret_circle
D:3:      layout_basic, uniq_terence
D:4:      layout_rooms, serial_shops,
          nicolae_shop_temple_entry_statues_fountains, uniq_eustachio
D:5:      layout_rooms, ebering_ghost_rock_garden, uniq_menkaure
D:6:      layout_cave_pods, minmay_temple_entry_gardened_gates
D:7:      layout_basic, amethyst_killhole
D:8:      layout_cave_pools, nicolae_wwwww, minmay_diamond_spiral, uniq_erica
Temple:   nicolae_temple_the_god_donut

Skill      XL: |  1  2  3  4  5  6  7  8  9 10 |
---------------+-------------------------------+-----
Throwing       | 4 |  4.2
Unarmed Combat | 1 2 3 4 6 9 11 12 | 12.0
Dodging        | 2 3 4 |  4.5
Fighting       | 2 3 4 |  4.4
Stealth        | 1 |  1.1

Action                   |  1- 3 |  4- 6 |  7- 9 | 10-12 || total
-------------------------+-------+-------+-------+-------++-------
Melee: Unarmed           |    94 |   153 |   202 |    16 ||   465
       Punch             |       |     2 |     4 |     2 ||     8
Throw: Large rock        |       |       |     1 |     1 ||     2
 Stab: Sleeping          |     1 |       |     4 |       ||     5
Armor: Robe              |    31 |    30 |    45 |       ||   106
Dodge: Dodged            |    53 |    59 |    80 |     4 ||   196

Table legend: (Time is in decaauts)
 A = Elapsed time spent in this place.
 B = Non-inter-level travel time spent in this place.
 C = Inter-level travel time spent in this place.
 D = Time resting spent in this place.
 E = Time spent auto-exploring this place.
 F = Levels seen in this place.
 G = Mean time per level.
                   A        B        C        D        E       F      G
               +--------+--------+--------+--------+--------+-----+--------+
         Total |   5553 |   5290 |    263 |    309 |   3799 |   9 |  617.0 |
       Dungeon |   5282 |   5043 |    239 |    309 |   3569 |   8 |  660.2 |
        Temple |    270 |    246 |     24 |      0 |    230 |   1 |  270.0 |
               +--------+--------+--------+--------+--------+-----+--------+

Top non-repeatable levels by time:
     D:3: 1013 daAuts
     D:7: 929 daAuts
     D:2: 786 daAuts
     D:6: 688 daAuts
     D:1: 631 daAuts
     D:5: 595 daAuts
     D:4: 496 daAuts
  Temple: 270 daAuts
     D:8: 142 daAuts
